 Dungeon Sprint DCSS version 0.29-a0-275-g389c0b56f3 (webtiles) character file.

Game seed: 5436583983057986096

314 Anunax the Fighter (level 6, -14/36 HPs)
             Began as a Felid Cinder Acolyte on Mar 10, 2022.
             Was an Initiate of Ignis.
             Killed themself with a badly aimed iceblast (17 damage)
             ... in the Dungeon (Sprint V: "Ziggurat Sprint").
             The game lasted 00:06:58 (350 turns).

Anunax the Fighter (Felid Cinder Acolyte)            Turns: 350, Time: 00:06:58

Health: -14/36     AC:  2    Str: 18    XL:     6   Next: 19%
Magic:  10/10      EV: 15    Int: 16    God:    Ignis [......]
Gold:   0          SH:  0    Dex: 17    Spells: 7/9 levels left
                                        Lives:  0   Deaths: 2

rFire   + . .      SeeInvis +     - Unarmed
rCold   . . .      Faith    .   (shield unavailable)
rNeg    . . .      Spirit   .   (body armour unavailable)
rPois   .          Reflect  .   (helmet unavailable)
rElec   .          Harm     .   (cloak unavailable)
rCorr   .          Rampage  .   (gloves unavailable)
Will    .....      NoTele   +   (boots unavailable)
Stlth   ++........              (no amulet)
HPRegen 0.12/turn               y - +6 ring of strength
MPRegen 0.12/turn               u - +6 ring of dexterity

@: quick
A: very small, claws 1, fangs 3, see invisible, speed 1, shaggy fur 2, stealthy
paws, no weapons or thrown items, no armour, multi-lived
a: Renounce Religion, Rising Flame


You were in the Dungeon.
You worshipped Ignis.
Ignis was noncommittal.
You visited 1 branch

Inventory:

Jewellery
 t - a ring of flight
 u - a +6 ring of dexterity (right paw)
 v - a +6 ring of dexterity
 w - a +6 ring of intelligence
 x - a +6 ring of intelligence
 y - a +6 ring of strength (left paw)
 z - a +6 ring of strength
Wands
 q - a wand of mindburst (7)
 r - a wand of iceblast (3)
 s - a wand of acid (7)
Scrolls
 f - 4 scrolls of blinking
 l - 4 scrolls of amnesia
 m - 7 scrolls of fog
 n - a scroll of holy word
 o - 5 scrolls of identify
 p - 2 scrolls of fear
Potions
 a - 10 potions of curing
 b - 10 potions of heal wounds
 c - 6 potions of haste
 d - 7 potions of magic
 e - 3 potions of berserk rage
 g - 2 potions of brilliance
 h - 2 potions of invisibility
 i - 4 potions of resistance
 j - a potion of experience
 k - 5 potions of might
Miscellaneous
 A - a phantom mirror
 B - a phial of floods


   Skills:
 + Level 9.9 Fighting
 + Level 0.3 Dodging
 + Level 9.9 Unarmed Combat
 + Level 2.1 Spellcasting
 + Level 9.0 Fire Magic


You had 7 spell levels left.
You knew the following spells:

 Your Spells              Type           Power      Damage    Failure   Level
a - Scorch                Fire           60%        2d8       1%          2

Your spell library contained the following spells:

 Spells                   Type           Power      Damage    Failure   Level
 Ignite Poison            Fire/Tmut/Pois 11%        N/A       19%         3
 Gell's Gravitas          Tloc           1%         N/A       52%         3
 Mephitic Cloud           Conj/Pois/Air  1%         N/A       52%         3
 Teleport Other           Tloc           1%         N/A       52%         3
 Freezing Cloud           Conj/Ice/Air   0%         6-21      99%         5
 Dispersal                Tloc           0%         N/A       100%        6


Dungeon Overview and Level Annotations

Branches:
Dungeon (1/1)

Altars:
Ashenzari
Cheibriados
Dithmenos
Elyvilon
Fedhas
Gozag
Hepliaklqana
Kikubaaqudgha
Makhleb
Nemelex Xobeh
Okawaru
Qazlal
Ru
Sif Muna
Trog
Uskayaw
Vehumet
Wu Jian
Xom
Yredelemnul
Zin
The Shining One
Beogh
Jiyva
Lugonu

Annotations:
D 1 transporter


Innate Abilities, Weirdness & Mutations

You have sharp claws.
You have razor-sharp teeth.
You have supernaturally acute eyesight. (SInv)
You cover ground quickly. (Speed+)
You are covered in thick fur. (AC +2)
Your paws help you pounce on unaware monsters.
You are incapable of wielding weapons or throwing items.
You cannot wear armour.
You gain extra lives every three experience levels.


Message History

The merfolk is lightly wounded.
The merfolk barely misses you. The merfolk misses you.
The merfolk hits you from afar with a +0 trident.
The merfolk closely misses you.
Aiming: Iceblast
Press: ? - help, Shift-Dir - straight line, f/p - merfolk
Aim: a merfolk, wielding a +0 trident (severely wounded, more vulnerable to fire)
The mass of ice explodes!
The iceblast engulfs the merfolk.
The merfolk is severely wounded.
The iceblast engulfs the merfolk!
The merfolk is almost dead.
The iceblast engulfs the merfolk!
The merfolk is severely wounded.
The iceblast engulfs the merfolk!
The merfolk is lightly wounded.
The merfolk is no longer more vulnerable to fire.
The merfolk hits you from afar with a +0 trident!
* * * LOW HITPOINT WARNING * * *
The merfolk hits you from afar with a +0 trident!
You die...
The merfolk barely misses you. The merfolk closely misses you.
You are now level 6!
You rejoin the land of the living...
You see here a +2 robe of resistance.
There is a transporter here.
You enter the transporter and appear at another place.
The merfolk barely misses you. x2; The merfolk hits you with a +0 trident!
The merfolk misses you.
The merfolk hits you with a +0 trident!!
Ouch! That really hurt!
* * * LOW HITPOINT WARNING * * *
Aiming: Iceblast
Press: ? - help, Shift-Dir - straight line, f/p - merfolk
Aim: a merfolk, wielding a +0 trident (severely wounded)
The mass of ice explodes!
The iceblast engulfs the merfolk!
You kill the merfolk!
The iceblast engulfs the merfolk!
The merfolk is almost dead.
The iceblast engulfs you!
You die...

▓.†©..▓..©..▓▓▓▓▓▓▓
▓▓▓▓▓▓▓▓▓▓▓▓▓▓▓▓▓▓▓
▓..8©8...▓..8©8...▓
▓..|[)...▓..|?)...▓
▓........▓..).[...▓
▓........▓........▓
▓........▓........▓
▓...†....▓.▓mm..▓.▓
▓...©....▓.mm@)...▓
▓▓▓▓▓▓▓▓▓▓▓▓▓▓▓▓▓▓▓


You could see 4 merfolk.

Vanquished Creatures
  A merfolk (D)
  A jumping spider (D)
  2 floating eyes (D)
  A wolf (D)
  A bullfrog (D)
  3 scorpions (D)
  A jelly (D)
  2 river rats (D)
  2 jackals (D)
14 creatures vanquished.

Vanquished Creatures (others)
  95 foxfires (D)
95 creatures vanquished.

Grand Total: 109 creatures vanquished

Notes
Turn   | Place    | Note
-------+----------+-------------------------------------------
     0 | D        | Anunax the Felid Cinder Acolyte began the quest for the
                  | Orb.
     0 | D        | Reached XP level 1. HP: 10/10 MP: 3/3
     0 | D        | Found a shimmering blue altar of Sif Muna.
     0 | D        | Found a sacrificial altar of Ru.
     0 | D        | Found a bloodstained altar of Trog.
     0 | D        | Found a stormy altar of Qazlal.
     0 | D        | Found an iron altar of Okawaru.
     0 | D        | Found a sparkling altar of Nemelex Xobeh.
     0 | D        | Found a blossoming altar of Fedhas.
     0 | D        | Found the +6 Majin-Bo {vamp, MP+6 Int+6}
     0 | D        | Found the +9 heavy crossbow "Sniper" {vorpal, Acc+∞ SInv}
     0 | D        | Found the +10 dark maul {vorpal}
     0 | D        | Found the +15 Maxwell's patent armour {-Cast -Tele rElec
                  | Will+ rCorr}
     0 | D        | Found the +18 shield of the Gong {rElec rN+ Will+ EV-5}
     0 | D        | Found the +14 obsidian axe {vorpal, Mesm Drain Fly SInv}
     0 | D        | Found the +7 great mace "Firestarter" {inner flame, rF++}
     0 | D        | Found the +6 shillelagh "Devastator" {shatter}
     0 | D        | Found the +11 plutonium sword {Contam Stlth-}
     0 | D        | Found the +8 lance "Wyrmbane" {slay drac, rPois rF+ rC+
                  | AC+3}
     0 | D        | Found the +9 sword of Zonguldrok {reap}
     0 | D        | Found the +13 scythe of Curses {drain, Drain}
     0 | D        | Found the +5 sword of Power {vorpal}
     0 | D        | Found the +7 mace of Variability {chain chaos}
     0 | D        | Found the +7 Singing Sword {vorpal, sonic wave}
     0 | D        | Found the +8 storm bow {elec, penet}
     2 | D        | Found a transporter.
     2 | D        | Found an ancient bone altar of Kikubaaqudgha.
     2 | D        | Found a viscous altar of Jiyva.
     2 | D        | Found a corrupted altar of Lugonu.
     2 | D        | Found a hazy altar of Hepliaklqana.
     2 | D        | Found a burning altar of Makhleb.
     2 | D        | Found an opulent altar of Gozag.
    49 | D        | Entered arena 2.
    49 | D        | Found a transporter.
    54 | D        | Reached XP level 2. HP: 12/15 MP: 4/4
    61 | D        | Learned a level 2 spell: Scorch
   108 | D        | Entered arena 3.
   108 | D        | Noticed a floating eye
   108 | D        | Noticed a floating eye
   108 | D        | Found a transporter.
   110 | D        | Killed a floating eye
   110 | D        | Killed a floating eye
   111 | D        | Reached XP level 3. HP: 21/21 MP: 5/5
   111 | D        | Reached XP level 4. HP: 25/25 MP: 6/6
   111 | D        | Reached XP level 5. HP: 28/28 MP: 7/7
   122 | D        | Entered arena 4.
   122 | D        | Noticed a jumping spider
   122 | D        | Found a transporter.
   128 | D        | Mangled by a scorpion
   129 | D        | Reached XP level 4. HP: -7/25 MP: 6/6
   129 | D        | Reached XP level 5. HP: 29/29 MP: 6/8
   138 | D        | Gained mutation: You are covered in thick fur. (AC +2)
                  | [Felid growth]
   138 | D        | Reached XP level 6. HP: 27/34 MP: 6/9
   139 | D        | Killed a jumping spider
   199 | D        | Entered arena 5.
   199 | D        | Found a transporter.
   203 | D        | Reached XP level 7. HP: 39/39 MP: 10/10
   338 | D        | Entered arena 6.
   338 | D        | Noticed a merfolk
   338 | D        | Noticed a merfolk
   338 | D        | Noticed a merfolk
   338 | D        | Noticed a merfolk
   338 | D        | Noticed a merfolk
   338 | D        | Found a transporter.
   343 | D        | Mangled by a merfolk
   344 | D        | Reached XP level 6. HP: -11/36 MP: 9/10
   350 | D        | Killed a merfolk
   350 | D        | Killed themself with a badly aimed iceblast

Illustrated notes

Levels and vault maps discovered:
D:        sprint_v [room_start, room_1, room_2, room_3, room_4, room_5, room_6,
          room_7, room_8, room_9, room_10, room_11, room_12, room_13, room_14,
          room_15, room_16, room_17, room_18, room_19, room_20, room_21,
          room_22, room_23, room_24, room_25, room_26, room_27]

Skill      XL: |  1  2  3  4  5  6  7 |
---------------+----------------------+-----
Unarmed Combat | 4 7 8 9 |  9.9
Fire Magic     | 3 6 7 8 9 |  9.0
Fighting       | 7 8 9 |  9.9
Spellcasting   | 2 |  2.1
Dodging        | |  0.3

Action                   |  1- 3 |  4- 6 |  7- 9 || total
-------------------------+-------+-------+-------++-------
Melee: Unarmed           |       |     1 |       ||     1
 Cast: Scorch            |       |       |     5 ||     5
Invok: Foxfire Swarm     |     3 |     6 |       ||     9
Evoke: Wand              |       |       |     4 ||     4
Armor: Skin              |       |     1 |       ||     1
Dodge: Dodged            |     1 |     9 |    12 ||    22

Table legend: (Time is in decaauts)
 A = Elapsed time spent in this place.
 B = Non-inter-level travel time spent in this place.
 C = Inter-level travel time spent in this place.
 D = Time resting spent in this place.
 E = Time spent auto-exploring this place.
 F = Levels seen in this place.
 G = Mean time per level.
                   A        B        C        D        E       F      G
               +--------+--------+--------+--------+--------+-----+--------+
         Total |    330 |    330 |      0 |    209 |      0 |   1 |  330.0 |
       Dungeon |    330 |    330 |      0 |    209 |      0 |   1 |  330.0 |
               +--------+--------+--------+--------+--------+-----+--------+

Top non-repeatable levels by time:
       D: 330 daAuts
